 Dungeon Crawl Stone Soup version 0.29-a0-96-g93358da72b (webtiles) character file.

Game seed: 8504905758128091902

32 RepHenryClay the Chucker (level 2, 0/20 HPs)
             Began as a Demigod Wanderer on Feb 11, 2022.
             Killed from afar by Sigmund (7 damage)
             ... with a puff of flame
             ... on level 2 of the Dungeon.
             The game lasted 00:03:05 (2268 turns).

RepHenryClay the Chucker (Demigod Wanderer)         Turns: 2268, Time: 00:03:06

Health: 0/20       AC:  6    Str: 10    XL:     2   Next: 96%
Magic:  5/5        EV:  8    Int: 17    God:
Gold:   58         SH:  0    Dex: 13    Spells: 2/3 levels left

rFire   . . .      SeeInvis .   a - +0 dagger (speed)
rCold   . . .      Faith    .   (no shield)
rNeg    . . .      Spirit   .   o - +0 scale mail
rPois   .          Reflect  .   (no helmet)
rElec   .          Harm     .   (no cloak)
rCorr   .          Rampage  .   (no gloves)
Will    +....                   (no boots)
Stlth   ..........              (no amulet)
HPRegen 0.06/turn               n - ring of willpower
MPRegen 0.09/turn               (no ring)

@: confused
A: high MP 1, forlorn, divine attributes
a: no special abilities


You were on level 2 of the Dungeon.
You visited 1 branch of the dungeon, and saw 2 of its levels.

You collected 110 gold pieces.
You spent 52 gold pieces at shops.

Inventory:

Hand Weapons
 a - a +0 dagger of speed (weapon)
 h - a +0 whip
 l - a +0 dagger
Missiles
 b - 6 boomerangs (quivered)
 d - 47 stones
 j - 4 poisoned darts
Armour
 e - a +0 robe
 o - a +0 scale mail (worn)
Jewellery
 n - a ring of willpower (left hand)
Scrolls
 c - 2 scrolls of vulnerability
 f - 4 scrolls of identify {unknown}
 m - a scroll of amnesia {unknown}
 p - a scroll of enchant armour {unknown}
 q - a scroll of immolation {unknown}
 t - a scroll of enchant weapon {unknown}
 u - a scroll of fear {unknown}
Potions
 g - a potion of invisibility {unknown}
 i - a potion of flight {unknown}
 k - a potion of cancellation {unknown}
 r - a potion of degeneration
 s - a potion of curing
 v - a potion of mutation {unknown}


   Skills:
 - Level 4.5 Throwing
 + Level 2.5 Armour
 - Level 1.0 Spellcasting
 - Level 3.6 Earth Magic


You had 2 spell levels left.
You knew the following spells:

 Your Spells              Type           Power      Damage    Failure   Level
a - Sandblast             Erth           26%        2d8       32%         1

Your spell library contained the following spells:

 Spells                   Type           Power      Damage    Failure   Level
 Passwall                 Tmut/Erth      5%         N/A       71%         2
 Animate Armour           Summ/Erth      12%        N/A       100%        4


Dungeon Overview and Level Annotations

Branches:
Dungeon (2/15)

Shops:
D:1 [   D:2 !

Annotations:
D:2 Sigmund


Innate Abilities, Weirdness & Mutations

You have an increased reservoir of magic. (+10% MP)
You shall have no god before yourself.
Your divine heritage dramatically boosts your attributes as you level up.


Message History

Sigmund is moderately wounded.
Sigmund hits you from afar with a +0 scythe.
Damage: -15%(-3hp) hp: 85%(17hp) Throw: 6 boomerangs
Press: ? - help, Q - select action, (/) - cycle Shift-Dir - straight line, f/p - Sigmund
Aim: Sigmund, wielding a +0 scythe and wearing a +0 robe (moderately wounded, 55% to hit)
You throw a boomerang.
The boomerang completely misses Sigmund.
Throw: 6 boomerangs
Press: ? - help, Q - select action, (/) - cycle Shift-Dir - straight line, f/p - Sigmund
Aim: Sigmund, wielding a +0 scythe and wearing a +0 robe (moderately wounded, 55% to hit)
You throw a boomerang. The boomerang hits Sigmund.
Sigmund is moderately wounded.
Sigmund gestures at you while chanting.
You are confused.
Non-targeted confused throw: 6 boomerangs
Press: ? - help, Q - select action, (/) - cycle Dir - look around, f - activate You throw a boomerang.
Sigmund casts a spell at you.
You are more confused.
Unknown command.
Unknown command.
Okay, then.
Unknown command.
Sigmund barely misses you.
Sigmund hits you from afar with a +0 scythe.
Damage: -15%(-3hp) hp: 75%(15hp) Unknown command.
You're too confused to move!
Unknown command.
Sigmund closely misses you.
You barely miss Sigmund.
Sigmund is moderately wounded.
Sigmund hits you but does no damage.
Sigmund hits you from afar with a +0 scythe!
* * * LOW HITPOINT WARNING * * *
Huge Dmg: -40%(-8hp) hp: 35%(7hp) Sigmund casts a spell at you.
The puff of flame hits you!
You die...

#.#..#..#.....................
#.#.............######........
#.#<##..........# #........
### #.......#.......#
#.#....<<
..######.#####.......#
.######## #)...#
#......)......# # ..##.#
#########...### # ####.###
#...######.## #......#
#.@.##......# #{##.#.#
######........##...
#.##.#.####.........###.#
...............@....# ...
#.#..#.##...........###.....
#.....>......###.............
###.....#..#.................
#..#..#..#.................
###........#..............


You could see Sigmund.

Vanquished Creatures
  4 bats
  4 endoplasms
  3 giant cockroaches
  3 goblins
  4 hobgoblins
  A ball python (D:2)
  A frilled lizard (D:2)
  6 kobolds
  4 rats (D:1)
30 creatures vanquished.

Notes
Turn   | Place    | Note
-------+----------+-------------------------------------------
     0 | D:1      | RepHenryClay the Demigod Wanderer began the quest for the
                  | Orb.
     0 | D:1      | RepHenryClay set off with the following items: a +0 dagger,
                  | 7 boomerangs, a scroll of vulnerability, 16 stones, a +0
                  | robe; and the following spell memorised: Sandblast; and the
                  | following spells available to memorise: Passwall, Animate
                  | Armour
     0 | D:1      | Reached XP level 1. HP: 14/14 MP: 4/4
   175 | D:1      | Reached skill level 1 in Armour
   825 | D:1      | Reached XP level 2. HP: 20/20 MP: 5/5
  1114 | D:1      | Found Ziqif's Antique Armour Shoppe.
  1685 | D:2      | Found Puer's Distillery.
  1693 | D:2      | Bought a potion of degeneration for 13 gold pieces
  1693 | D:2      | Bought a potion of curing for 39 gold pieces
  2222 | D:2      | Noticed Sigmund
  2268 | D:2      | Killed from afar by Sigmund

Illustrated notes

Levels and vault maps discovered:
D:1:      dpeg_arrival_line_fractal, layout_basic, serial_shops,
          nicolae_shop_window_shopping, shapermc_ecumenical_altar_petra,
          minmay_tetromino_t2
D:2:      layout_loops_cross, serial_shops, nicolae_diamond_shop,
          uniq_crazy_yiuf_cottage, uniq_sigmund

Skill      XL: |  1  2 |
---------------+-------+-----
Armour         | 1 2 |  2.5
Throwing       | |  4.5
Spellcasting   | |  1.0
Earth Magic    | |  3.6

Action                   || total
-------------------------++-------
Melee: Dagger            ||   119
       Punch             ||     3
Throw: Boomerang         ||    13
 Cast: Sandblast         ||     8
 Stab: Sleeping          ||     1
Armor: Robe              ||    12
       Scale mail        ||    29
Dodge: Dodged            ||    70

Table legend: (Time is in decaauts)
 A = Elapsed time spent in this place.
 B = Non-inter-level travel time spent in this place.
 C = Inter-level travel time spent in this place.
 D = Time resting spent in this place.
 E = Time spent auto-exploring this place.
 F = Levels seen in this place.
 G = Mean time per level.
                   A        B        C        D        E       F      G
               +--------+--------+--------+--------+--------+-----+--------+
         Total |   2248 |   2196 |     52 |    104 |   1747 |   2 | 1124.0 |
       Dungeon |   2248 |   2196 |     52 |    104 |   1747 |   2 | 1124.0 |
               +--------+--------+--------+--------+--------+-----+--------+

Top non-repeatable levels by time:
     D:1: 1737 daAuts
     D:2: 510 daAuts
